 Dungeon Crawl Stone Soup version 0.27.1 (webtiles) character file.

Game seed: 2852287237410203168

86 pkoi the Digger (level 4, -2/58 HPs)
             Began as a Troll Earth Elementalist on Aug 30, 2021.
             Slain by Grinder (5 damage)
             ... on level 3 of the Dungeon.
             The game lasted 00:02:41 (2268 turns).

pkoi the Digger (Troll Earth Elementalist)          Turns: 2268, Time: 00:02:41

Health: -2/58      AC: 22    Str: 16    XL:     4   Next: 26%
Magic:  3/4        EV:  1    Int: 12    God:
Gold:   110        SH:  0    Dex: 10    Spells: 4/5 levels left

rFire    . . .     SeeInvis .   d - +2 dagger (venom)
rCold    . . .     Faith    .   (no shield)
rNeg     + + +     Spirit   .   (armour currently unavailable)
rPois    +         Reflect  .   (helmet currently unavailable)
rElec    .         Harm     .   (cloak currently unavailable)
rCorr    .         Rampage  .   (gloves unavailable)
Will     .....     NoTele   +   (boots unavailable)
Stlth    +.........             (no amulet)
HPRegen  1.19/turn              (no ring)
MPRegen  0.09/turn              (no ring)

@: tree-form
A: stationary, stasis, torment immunity, boosted hp, large, unfitting armour,
(claws 3), regeneration 1, (shaggy fur 1), (tough skin 1)
a: no special abilities


You were on level 3 of the Dungeon.
You were a tree.
You visited 1 branch of the dungeon, and saw 3 of its levels.

You collected 110 gold pieces.

Inventory:

Hand Weapons
 d - a +2 dagger of venom (weapon)
Missiles
 c - 97 stones
 e - a throwing net
Armour
 b - a +0 robe (melded)
Jewellery
 i - an amulet of the acrobat
Scrolls
 k - a scroll of teleportation
 l - a scroll of enchant armour {unknown}
Potions
 a - a potion of lignification
 f - a potion of mutation
 g - a potion of attraction {unknown}
 h - 2 potions of curing {unknown}
 j - a potion of heal wounds {unknown}


   Skills:
 - Level 1.5 Dodging
 - Level 1.0 Stealth
 * Level 3.0 Unarmed Combat
 - Level 1.2 Spellcasting
 - Level 1.1 Transmutations
 + Level 3.3 Earth Magic


You had 4 spell levels left.
You knew the following spells:

 Your Spells              Type           Power      Damage    Failure   Level
a - Sandblast             Erth           16%        2d6       8%          1

Your spell library contained the following spells:

 Spells                   Type           Power      Damage    Failure   Level
 Passwall                 Tmut/Erth      5%         N/A       19%         2
 Stone Arrow              Conj/Erth      8%         3d7       41%         3
 Petrify                  Tmut/Erth      6%         N/A       75%         4


Dungeon Overview and Level Annotations

Branches:
Dungeon (3/15)

Altars:

Shops:
D:1 :

Annotations:
D:3 Grinder


Innate Abilities, Weirdness & Mutations

You are a tree.
Your roots penetrate the ground, keeping you stationary.
You cannot be teleported.
You are immune to unholy pain and torment.
Your maximum health is greatly increased.
Your equipment is partially melded.
You are too large for most types of armour.
((You have claws for hands.))
Your natural rate of healing is unusually fast.
((You are covered in fur. (AC +1)))
((You have tough skin. (AC +1)))


Message History

The blast of sand hits the bat!
You kill the bat!
You now have 110 gold pieces (gained 10).
A ball python and Grinder come into view.
Grinder shouts!
The ball python hisses angrily.
There are monsters nearby!
There are monsters nearby!
There are monsters nearby!
The blast of sand hits the ball python.
You kill the ball python!
You can't see any susceptible monsters within range! (Use Z to cast anyway.)
You start resting.
Grinder is nearby!
The blast of sand hits Grinder.
Grinder is lightly wounded.
Grinder drinks a potion.
Grinder flickers and vanishes!
Deactivating autopickup; reactivate with Ctrl-A.
You can't see any susceptible monsters within range! (Use Z to cast anyway.)
You can't see any susceptible monsters within range! (Use Z to cast anyway.)
You miss something. Pain shoots through your body!
You hit something.
You suddenly lose the ability to move!
Pain shoots through your body! Something hits you.
You writhe in agony.
Something hits you!
* * * LOW HITPOINT WARNING * * *
You writhe in agony.
* * * LOW HITPOINT WARNING * * *
Something hits you!
* * * LOW HITPOINT WARNING * * *
Something hits you.
* * * LOW HITPOINT WARNING * * *
You writhe in agony.
* * * LOW HITPOINT WARNING * * *
Pain shoots through your body!
* * * LOW HITPOINT WARNING * * *
You can move again.
It was a potion of lignification.
You turn into a tree.
Your +0 robe melds into your body.
Your roots penetrate the ground.
Something hits you.
You die...

.......................
####.####.##...........
#.# #.##...........
#.####..#...........
#.............#####.
#######.####..###
............#
###.###..##.# #.#
#..♣..# #.. ##{#### ##.
#...†.5.. . #..######
...# #.## ... #.# #.#


There were no monsters in sight!

Vanquished Creatures
  2 adders (D:2)
  2 worms
  2 dart slugs
  2 endoplasms (D:2)
  2 giant cockroaches (D:1)
  10 goblins
  4 hobgoblins
  3 jackals (D:1)
  3 quokkas
  6 ball pythons
  7 bats
  4 frilled lizards
  6 kobolds
  3 rats
56 creatures vanquished.

Notes
Turn   | Place    | Note
-------+----------+-------------------------------------------
     0 | D:1      | pkoi the Troll Earth Elementalist began the quest for the
                  | Orb.
     0 | D:1      | Reached XP level 1. HP: 16/16 MP: 1/1
   211 | D:1      | Reached skill level 1 in Unarmed Combat
   242 | D:1      | Reached XP level 2. HP: 24/24 MP: 2/2
   307 | D:1      | Reached skill level 1 in Transmutations
   621 | D:1      | Found Lavieq's Book Boutique.
   752 | D:1      | Reached XP level 3. HP: 31/31 MP: 3/3
  1553 | D:2      | Reached XP level 4. HP: 26/39 MP: 0/4
  2252 | D:3      | Noticed Grinder
  2261 | D:3      | Paralysed by something for 7 turns
  2267 | D:3      | HP: 1/39 [something/nerve-wracking pain (2)]
  2268 | D:3      | Slain by Grinder

Illustrated notes

Levels and vault maps discovered:
D:1:      amcnicky_arrival_double_pillar, layout_basic, serial_shops, shop,
          minmay_tripent
D:2:      layout_loops_corners
D:3:      layout_basic, dreamdust_ecumenical_altar_grove,
          gammafunk_ghost_necromancy, amcnicky_mini_corridor_feature,
          uniq_grinder, uniq_robin, uniq_crazy_yiuf_cottage

Skill      XL: |  1  2  3  4 |
---------------+-------------+-----
Unarmed Combat | 1 2 3 |  3.0
Transmutations | 1 |  1.1
Earth Magic    | 3 |  3.3
Dodging        | |  1.5
Stealth        | |  1.0
Spellcasting   | |  1.2

Action                   |  1- 3 |  4- 6 || total
-------------------------+-------+-------++-------
Melee: Unarmed           |    57 |       ||    57
       Dagger            |    17 |     6 ||    23
 Cast: Sandblast         |    16 |    23 ||    39
  Use: Scroll            |     3 |       ||     3
       Potion            |       |     1 ||     1
 Stab: Sleeping          |     2 |       ||     2
Armor: Robe              |    18 |     5 ||    23
Dodge: Dodged            |    34 |     4 ||    38
